[Event "ICC tourney 2298 (30 10)"]
[Site "Internet Chess Club"]
[Date "2021.01.10"]
[Round "4"]
[White "Kyriakos1301"]
[Black "ZYCON"]
[Result "0-1"]
[ICCResult "White resigns"]
[WhiteElo "1550"]
[BlackElo "1385"]
[Opening "Neo-Grünfeld defense"]
[ECO "D70"]
[NIC "QP.06"]
[Time "17:01:30"]
[PlyCount "66"]
[TimeControl "1800+10"]

1. d4 Nf6 2. Nf3 g6 3. c4 d5 4. cxd5 Nxd5 5. e4 Nf6 6. Nc3 Bg7 7. Be2 O-O
8. O-O Bg4 9. Be3 a6 10. h3 Bxf3 11. Bxf3 c6 12. a4 Qc7 13. Rc1 Rd8 14. Qc2
a5 15. Rfd1 Na6 16. Qb3 Nb4 17. d5 Rd7 18. Nb5 Qd8 19. dxc6 Nxc6 20. Qc3
Nxe4 21. Qc2 Nf6 22. Bxc6 bxc6 23. Qxc6 Rxd1+ 24. Rxd1 Qxd1+ 25. Kh2 Rd8
26. Bb6 Rd2 27. Bxa5 Rxf2 28. Nc3 Qd6+ 29. Qxd6 exd6 30. b4 Ng4+ 31. hxg4
Bxc3 32. Bb6 Ra2 33. Ba5 Rxa4 { White resigns } 0-1

[Event "ICC tourney 2298 (30 10)"]
[Site "Internet Chess Club"]
[Date "2021.01.10"]
[Round "4"]
[White "blackjack721"]
[Black "hemtej-g"]
[Result "0-1"]
[ICCResult "White checkmated"]
[WhiteElo "1454"]
[BlackElo "1562"]
[Opening "Sicilian: Hungarian variation"]
[ECO "B27"]
[NIC "SI.43"]
[Time "17:01:47"]
[PlyCount "80"]
[TimeControl "1800+10"]

1. e4 c5 2. Nf3 g6 3. d4 Bg7 4. e5 cxd4 5. Qxd4 Nc6 6. Qf4 Bh6 7. Ng5 f6 8.
exf6 exf6 9. Qe4+ Qe7 10. Qxe7+ Ngxe7 11. Nf7 Bxc1 12. Nd6+ Kf8 13. Nd2
Bxb2 14. Rd1 Bc3 15. Bc4 Ne5 16. Bb3 Bb4 17. Ne4 f5 18. Ng5 h6 19. Nh3 d5
20. O-O b5 21. Rfe1 Nc4 22. Re2 Nxd2 23. Rexd2 Bxd2 24. Rxd2 g5 25. Rd4 f4
26. a4 Bxh3 27. gxh3 bxa4 28. Bxa4 Rb8 29. f3 Kf7 30. Bb3 Rb5 31. Kg2 Rhb8
32. h4 Rb4 33. Bxd5+ Nxd5 34. Rxd5 Rb2 35. Rc5 Rd8 36. hxg5 Rd2+ 37. Kh3
Rbxc2 38. Rf5+ Kg6 39. Rxf4 Rxh2+ 40. Kg3 Rcg2# { White checkmated } 0-1

[Event "ICC tourney 2298 (30 10)"]
[Site "Internet Chess Club"]
[Date "2021.01.10"]
[Round "4"]
[White "RishiMurali"]
[Black "babu12020"]
[Result "1-0"]
[ICCResult "Black resigns"]
[WhiteElo "1763"]
[BlackElo "1860"]
[Opening "QGD Slav defense"]
[ECO "D10"]
[NIC "SL.01"]
[Time "17:01:50"]
[PlyCount "67"]
[TimeControl "1800+10"]

1. d4 d5 2. c4 c6 3. e3 Nf6 4. Nc3 Bf5 5. Nf3 e6 6. cxd5 exd5 7. Bd3 Bg4 8.
h3 Bh5 9. O-O Be7 10. Re1 O-O 11. e4 dxe4 12. Nxe4 Bxf3 13. Qxf3 Qxd4 14.
Ng3 Bb4 15. Nf5 Qd8 16. Re2 Re8 17. Rxe8+ Qxe8 18. Bg5 Nbd7 19. Ng3 Ne5 20.
Qf5 Nxd3 21. Qxd3 Rd8 22. Qb3 Be7 23. Qxb7 Rd7 24. Qb3 h6 25. Be3 Nd5 26.
Bd2 Bf6 27. Re1 Qc8 28. Ne4 Be7 29. Qg3 Kh8 30. a3 Rb7 31. b4 a5 32. bxa5
Bxa3 33. Qxa3 f5 34. Nd6 { Black resigns } 1-0

[Event "ICC tourney 2298 (30 10)"]
[Site "Internet Chess Club"]
[Date "2021.01.10"]
[Round "4"]
[White "weakfish"]
[Black "GAJones"]
[Result "1-0"]
[ICCResult "Black resigns"]
[WhiteElo "1565"]
[BlackElo "1514"]
[Opening "Caro-Kann: Tartakower (Nimzovich) variation"]
[ECO "B15"]
[NIC "CK.06"]
[Time "17:01:33"]
[PlyCount "55"]
[TimeControl "1800+10"]

1. e4 c6 2. d4 d5 3. Nc3 dxe4 4. Nxe4 Nf6 5. Nxf6+ exf6 6. Nf3 Bd6 7. Bc4
O-O 8. O-O Bg4 9. h3 Bh5 10. c3 Nd7 11. g4 Bg6 12. Nh4 Be4 13. f3 Bd5 14.
Bxd5 cxd5 15. Nf5 Bc7 16. Qb3 Nb6 17. Re1 Re8 18. Bd2 Qd7 19. Rxe8+ Rxe8
20. Re1 Rxe1+ 21. Bxe1 g6 22. Ne3 Qe6 23. Bd2 Kg7 24. Ng2 Qe2 25. Be3 Qxf3
26. c4 Nxc4 27. Bh6+ Kxh6 28. Qxf3 { Black resigns } 1-0

[Event "ICC tourney 2298 (30 10)"]
[Site "Internet Chess Club"]
[Date "2021.01.10"]
[Round "4"]
[White "awakeprize"]
[Black "SunnyCountry"]
[Result "1-0"]
[ICCResult "Black checkmated"]
[WhiteElo "1470"]
[BlackElo "1348"]
[Opening "Sicilian"]
[ECO "B50"]
[NIC "SI.01"]
[Time "17:02:21"]
[PlyCount "141"]
[TimeControl "1800+10"]

1. e4 c5 2. Nf3 d6 3. c3 Nc6 4. d4 cxd4 5. cxd4 Nf6 6. Nc3 Bg4 7. Be2 e6 8.
d5 Ne7 9. Bb5+ Nd7 10. dxe6 Bxe6 11. Qxd6 a6 12. Bxd7+ Qxd7 13. Qxd7+ Bxd7
14. Ne5 Bc6 15. Nxc6 Nxc6 16. O-O Bb4 17. Nd5 Bd6 18. Re1 Kd8 19. Bf4 Bxf4
20. Nxf4 Kc7 21. Nd5+ Kd6 22. Rad1 Kc5 23. Rc1+ Kd6 24. Red1 Ke5 25. Rc4
Rad8 26. f4+ Ke6 27. Nc7+ Ke7 28. Rxd8 Rxd8 29. Nd5+ Kd6 30. Kf2 b5 31. Rc1
Re8 32. Kf3 Nd4+ 33. Ke3 Nf5+ 34. Kd3 Ne7 35. Nxe7 Rxe7 36. e5+ Kd5 37. g3
h6 38. b4 g5 39. Rc5+ Ke6 40. Rc6+ Kf5 41. Ke3 Re6 42. Rxe6 fxe6 43. Kf3 h5
44. h3 Kg6 45. h4 gxh4 46. gxh4 Kf5 47. a3 Kg6 48. Ke4 Kf7 49. f5 Ke7 50.
Kf4 Kf7 51. fxe6+ Kxe6 52. Ke4 Ke7 53. Kd5 Kd7 54. e6+ Ke7 55. Ke5 Kd8 56.
Kd6 Ke8 57. e7 Kf7 58. Kd7 Kf6 59. e8=Q Kf5 60. Qxh5+ Kf4 61. Qg5+ Ke4 62.
h5 a5 63. bxa5 b4 64. h6 Kf3 65. h7 Ke4 66. h8=Q Kf3 67. Qhf6+ Ke4 68.
Qge5+ Kd3 69. Qf3+ Kc2 70. Qee2+ Kb1 71. Qh1# { Black checkmated } 1-0

[Event "ICC tourney 2298 (30 10)"]
[Site "Internet Chess Club"]
[Date "2021.01.10"]
[Round "4"]
[White "tricksterssbu"]
[Black "MehPlayer"]
[Result "1-0"]
[ICCResult "Black checkmated"]
[WhiteElo "1631"]
[BlackElo "1554"]
[Opening "Sicilian: accelerated fianchetto, modern variation"]
[ECO "B34"]
[NIC "SI.33"]
[Time "17:02:22"]
[PlyCount "55"]
[TimeControl "1800+10"]

1. e4 c5 2. Nf3 Nc6 3. d4 cxd4 4. Nxd4 g6 5. Nc3 Bg7 6. Be3 Nf6 7. f3 O-O
8. Bc4 a6 9. Qd2 b5 10. Bb3 Bb7 11. g4 Na5 12. O-O-O Nxb3+ 13. axb3 Qa5 14.
Kb1 Rac8 15. h4 b4 16. Na4 d5 17. e5 Nd7 18. f4 Nb6 19. Nxb6 Qxb6 20. h5
Qc7 21. Rh3 e6 22. Rdh1 Qe7 23. Qh2 f5 24. hxg6 hxg6 25. gxf5 exf5 26. e6
Qf6 27. Rg3 Rc6 28. Qh7# { Black checkmated } 1-0

[Event "ICC tourney 2298 (30 10)"]
[Site "Internet Chess Club"]
[Date "2021.01.10"]
[Round "4"]
[White "UltimateDL"]
[Black "muzikmixer"]
[Result "0-1"]
[ICCResult "White resigns"]
[WhiteElo "1631"]
[BlackElo "1633"]
[Opening "Pirc: Ufimtsev-Pytel variation"]
[ECO "B07"]
[NIC "PU.08"]
[Time "17:01:43"]
[PlyCount "82"]
[TimeControl "1800+10"]

1. e4 d6 2. d4 Nf6 3. Nc3 c6 4. Nf3 Bg4 5. h3 Bh5 6. Be3 e6 7. Be2 Bxf3 8.
Bxf3 d5 9. exd5 cxd5 10. O-O Nc6 11. Be2 Bd6 12. Nb5 Bb8 13. c3 a6 14. Na3
Qc7 15. g3 Ne4 16. Bf4 Qa5 17. Bxb8 Rxb8 18. Bd3 Nxc3 19. Qe1 Na4 20. Qxa5
Nxa5 21. b3 Nb6 22. b4 Nac4 23. Nxc4 dxc4 24. Be4 Nd5 25. Rac1 b5 26. Rfe1
Kd7 27. a3 Rhe8 28. h4 h6 29. f4 f6 30. Bg6 Re7 31. Bh5 Kd6 32. Rcd1 a5 33.
bxa5 Ra8 34. Rb1 Rxa5 35. Kf2 Rea7 36. Bg4 Nc7 37. f5 exf5 38. Bxf5 Rxa3
39. Re3 Rxe3 40. Kxe3 Nd5+ 41. Ke4 Nc3+ { White resigns } 0-1

[Event "ICC tourney 2298 (30 10)"]
[Site "Internet Chess Club"]
[Date "2021.01.10"]
[Round "4"]
[White "couchpotato26"]
[Black "chesslin"]
[Result "0-1"]
[ICCResult "White resigns"]
[WhiteElo "1827"]
[BlackElo "1765"]
[Opening "Robatsch (modern) defense"]
[ECO "B06"]
[NIC "KF.05"]
[Time "17:01:48"]
[PlyCount "62"]
[TimeControl "1800+10"]

1. e4 g6 2. d4 Bg7 3. Nf3 d6 4. Bc4 Nf6 5. Nc3 O-O 6. O-O Bg4 7. h3 Bxf3 8.
Qxf3 Nc6 9. Be3 e5 10. d5 Nd4 11. Bxd4 exd4 12. Ne2 Nd7 13. Rad1 Ne5 14.
Qb3 Qh4 15. f4 Nxc4 16. Qxc4 Qe7 17. Qd3 Rae8 18. Ng3 h5 19. Rfe1 h4 20.
Nf1 c5 21. Nd2 b5 22. Qxb5 Rb8 23. Qa4 Rxb2 24. Nb3 Rb8 25. Rc1 g5 26. fxg5
d3 27. Qc4 R2xb3 28. axb3 d2 29. e5 Qxg5 30. Rcd1 dxe1=Q+ 31. Rxe1 Bxe5 {
White resigns } 0-1

[Event "ICC tourney 2298 (30 10)"]
[Site "Internet Chess Club"]
[Date "2021.01.10"]
[Round "4"]
[White "blueocean07"]
[Black "solveur"]
[Result "0-1"]
[ICCResult "White checkmated"]
[WhiteElo "1605"]
[BlackElo "1435"]
[Opening "QGD Slav defense"]
[ECO "D10"]
[NIC "SL.01"]
[Time "17:01:32"]
[PlyCount "116"]
[TimeControl "1800+10"]

1. d4 d5 2. c4 c6 3. Nc3 Nf6 4. cxd5 cxd5 5. Bf4 a6 6. Nf3 Nc6 7. e3 Bg4 8.
h3 Bh5 9. Be2 e6 10. O-O Bd6 11. Bxd6 Qxd6 12. Rc1 O-O 13. a3 Rac8 14. b4
Bg6 15. Nh4 Be4 16. f3 Bg6 17. Nxg6 fxg6 18. f4 Ne7 19. Qd3 Nf5 20. Rf2 b5
21. Bf3 Rc7 22. Rfc2 Rfc8 23. Ra1 Qe7 24. Raa2 Rc4 25. e4 Nxd4 26. Rc1 dxe4
27. Bxe4 Nxe4 28. Qxe4 Nb3 29. Qe3 Nxc1 30. Nd5 Qd6 31. Nb6 Nxa2 32. Nxc8
Rxc8 33. Kh2 Rc3 34. Qe4 Qd5 35. Qe2 Rxa3 36. f5 Qd6+ 37. Kg1 Rd3 38. Qe4
Rd1+ 39. Kf2 Qd4+ 40. Qxd4 Rxd4 41. fxe6 Kf8 42. Ke3 Rxb4 43. g4 Rc4 44.
Kf3 Nc1 45. Kg3 b4 46. Kh4 b3 47. Kg5 b2 48. Kh4 b1=Q 49. Kg5 Qb5+ 50. Kh4
Qh5+ 51. Kg3 Ne2+ 52. Kf3 Qxh3+ 53. Kxe2 Qxg4+ 54. Kd2 Qd4+ 55. Ke2 Rc2+
56. Kf3 Qd3+ 57. Kf4 Rc4+ 58. Ke5 Qd4# { White checkmated } 0-1

[Event "ICC tourney 2298 (30 10)"]
[Site "Internet Chess Club"]
[Date "2021.01.10"]
[Round "4"]
[White "jvihaan"]
[Black "crazyhorse9"]
[Result "0-1"]
[ICCResult "White resigns"]
[WhiteElo "1367"]
[BlackElo "1493"]
[Opening "King's Indian: 5.Nf3"]
[ECO "E90"]
[NIC "KI.21"]
[Time "17:01:50"]
[PlyCount "100"]
[TimeControl "1800+10"]

1. d4 Nf6 2. c4 g6 3. Nc3 Bg7 4. Nf3 d6 5. e4 O-O 6. Bf4 Nc6 7. d5 e5 8.
Be3 Ne7 9. Bd3 Nd7 10. O-O a5 11. Qd2 Nc5 12. Bxc5 dxc5 13. Na4 b6 14. Qc3
Qd6 15. b3 f5 16. Nb2 h6 17. Nd1 f4 18. g3 g5 19. Qd2 Bh3 20. Re1 fxg3 21.
Nxg5 hxg5 22. fxg3 Qf6 23. Nf2 Bd7 24. Rf1 Qh6 25. Be2 Qg6 26. Bg4 Bxg4 27.
Nxg4 Qh5 28. Ne3 Rad8 29. Nc2 Qg4 30. Rf2 Rxf2 31. Kxf2 Rf8+ 32. Kg1 Qxe4
33. Na3 Nf5 34. Nb5 Rf7 35. Rf1 Rd7 36. Qxg5 Qe3+ 37. Qxe3 Nxe3 38. Rf3 Nc2
39. Rc3 Nd4 40. Nxd4 cxd4 41. Rf3 e4 42. Rf4 e3 43. Re4 d3 44. Rxe3 Bd4 45.
Kf2 Bxe3+ 46. Kxe3 c6 47. dxc6 d2 48. c7 d1=N+ 49. Ke2 Nc3+ 50. Ke3 Rxc7 {
White resigns } 0-1

[Event "ICC tourney 2298 (30 10)"]
[Site "Internet Chess Club"]
[Date "2021.01.10"]
[Round "4"]
[White "wulovechess"]
[Black "kevinsun"]
[Result "0-1"]
[ICCResult "White resigns"]
[WhiteElo "1617"]
[BlackElo "1213"]
[Opening "Sicilian: accelerated fianchetto, modern variation with Bc4"]
[ECO "B35"]
[NIC "SI.33"]
[Time "17:01:31"]
[PlyCount "71"]
[TimeControl "1800+10"]

1. e4 c5 2. Nf3 Nc6 3. d4 cxd4 4. Nxd4 g6 5. Nc3 Bg7 6. Be3 Nf6 7. Bc4 O-O
8. Bb3 Re8 9. O-O d6 10. Qd2 Ng4 11. Bg5 Nxd4 12. f3 Nxb3 13. axb3 Nf6 14.
Kh1 Bd7 15. Be3 a6 16. Qf2 Bc6 17. Bb6 Qc8 18. Rfd1 Nd7 19. Be3 b5 20. b4
Ne5 21. Bd4 Nc4 22. Bxg7 Kxg7 23. b3 Ne5 24. Qd4 Kg8 25. f4 Nd7 26. Rd2 Qc7
27. Rf1 Qb6 28. Qxb6 Nxb6 29. f5 Rad8 30. Nd5 Bxd5 31. exd5 gxf5 32. Rxf5
e6 33. Rg5+ Kh8 34. Rf2 exd5 35. Rxf7 Re1+ 36. Rf1 { White resigns } 0-1

[Event "ICC tourney 2298 (30 10)"]
[Site "Internet Chess Club"]
[Date "2021.01.10"]
[Round "4"]
[White "AbruptFir"]
[Black "loveEdinburgh"]
[Result "0-1"]
[ICCResult "White resigns"]
[WhiteElo "1520"]
[BlackElo "1834"]
[Opening "QGD Slav: Slav gambit"]
[ECO "D15"]
[NIC "SL.03"]
[Time "17:01:37"]
[PlyCount "80"]
[TimeControl "1800+10"]

1. d4 d5 2. c4 c6 3. Nc3 Nf6 4. Nf3 dxc4 5. e4 b5 6. a4 b4 7. Na2 a5 8. e5
Nd5 9. Bxc4 e6 10. O-O Be7 11. Bd2 O-O 12. Nc1 Bb7 13. Ne2 Nd7 14. Nf4 N7b6
15. Be2 Nxf4 16. Bxf4 Nd5 17. Bg3 c5 18. dxc5 Bxc5 19. Rc1 Rc8 20. Qb3 Ba7
21. Nd2 Nb6 22. Rxc8 Qxc8 23. Nc4 Bd5 24. Nxb6 Bxb6 25. Qd1 Rd8 26. Qc1 Qb7
27. Rd1 Rc8 28. Qd2 Bxg2 29. Ba6 Qxa6 30. Kxg2 Qb7+ 31. Kg1 h6 32. Qd7 Qxd7
33. Rxd7 Rc2 34. Rb7 Bd4 35. Rb5 Rxb2 36. Rxa5 b3 37. Ra8+ Kh7 38. Rd8 Rb1+
39. Kg2 Rd1 40. a5 b2 { White resigns } 0-1

[Event "ICC tourney 2298 (30 10)"]
[Site "Internet Chess Club"]
[Date "2021.01.10"]
[Round "4"]
[White "tn285"]
[Black "aachess4321"]
[Result "0-1"]
[ICCResult "White resigns"]
[WhiteElo "1637"]
[BlackElo "1246"]
[Opening "Sicilian: Najdorf, Opocensky variation"]
[ECO "B92"]
[NIC "SI.10"]
[Time "17:01:35"]
[PlyCount "98"]
[TimeControl "1800+10"]

1. e4 c5 2. Nf3 d6 3. d4 cxd4 4. Nxd4 Nf6 5. Nc3 a6 6. Be2 e5 7. Nb3 Be6 8.
O-O Be7 9. Be3 O-O 10. f4 Nc6 11. Qe1 Nb4 12. Rc1 a5 13. a4 exf4 14. Bxf4
d5 15. exd5 Nfxd5 16. Nxd5 Bxd5 17. Bb5 Bxb3 18. cxb3 Bf6 19. Be5 Bxe5 20.
Qxe5 Nd3 21. Bxd3 Qxd3 22. Rf3 Qd2 23. Qc3 Qxc3 24. bxc3 h6 25. Rd3 Rad8
26. Rcd1 Rxd3 27. Rxd3 Re8 28. Rd7 Re3 29. Rc7 b6 30. Rc6 Rd3 31. Kf2 Rd2+
32. Kf3 Rc2 33. g3 Kf8 34. Kf4 Ke7 35. c4 Rxh2 36. Rxb6 g5+ 37. Kg4 f6 38.
b4 axb4 39. Rxb4 h5+ 40. Kf3 g4+ 41. Ke3 Rg2 42. a5 Rxg3+ 43. Kf2 Ra3 44.
Rb5 h4 45. Rf5 g3+ 46. Kg1 h3 47. a6 Ra1+ 48. Rf1 h2+ 49. Kg2 Rxf1 { White
resigns } 0-1

[Event "ICC tourney 2298 (30 10)"]
[Site "Internet Chess Club"]
[Date "2021.01.10"]
[Round "4"]
[White "SoaringHawk24"]
[Black "JoRDy2025"]
[Result "1-0"]
[ICCResult "Black resigns"]
[WhiteElo "1440"]
[BlackElo "1420"]
[Opening "Giuoco Piano: Möller (Therkatz) attack"]
[ECO "C54"]
[NIC "IG.02"]
[Time "17:01:36"]
[PlyCount "103"]
[TimeControl "1800+10"]

1. e4 e5 2. Nf3 Nc6 3. Bc4 Bc5 4. c3 Nf6 5. d4 exd4 6. cxd4 Bb4+ 7. Nc3
Nxe4 8. O-O Bxc3 9. d5 Bf6 10. Re1 Ne7 11. Rxe4 d6 12. Bg5 Bxg5 13. Nxg5 h6
14. Qe2 hxg5 15. Re1 Be6 16. dxe6 f6 17. Re3 c6 18. Rh3 Rxh3 19. gxh3 g6
20. Qf3 Qa5 21. Rd1 Qe5 22. Qb3 b5 23. Bd3 Kf8 24. Qc2 Kg7 25. Qb3 Rh8 26.
Bf1 Nf5 27. Qa3 Nd4 28. Qxa7+ Kh6 29. Qxd4 Qxe6 30. Qxd6 Qf5 31. Qxc6 Rb8
32. Rd6 Rf8 33. Qxb5 Qf3 34. Rd3 Qf4 35. a4 Rb8 36. Qd7 Rxb2 37. Qd4 Qxd4
38. Rxd4 Ra2 39. Bb5 Ra1+ 40. Kg2 f5 41. Rd8 g4 42. hxg4 fxg4 43. Ra8 Ra3
44. a5 Kg5 45. a6 Kf5 46. a7 Kg5 47. Bd3 Ra1 48. Bxg6 Ra6 49. Bd3 Ra2 50.
Rg8+ Kf6 51. a8=Q Rxa8 52. Rxa8 { Black resigns } 1-0

[Event "ICC tourney 2298 (30 10)"]
[Site "Internet Chess Club"]
[Date "2021.01.10"]
[Round "4"]
[White "SuperBlueSky"]
[Black "DanielZahzouhi"]
[Result "1-0"]
[ICCResult "Black checkmated"]
[WhiteElo "1562"]
[BlackElo "1573"]
[Opening "King's Indian: 6.Be2"]
[ECO "E91"]
[NIC "KI.19"]
[Time "17:01:41"]
[PlyCount "123"]
[TimeControl "1800+10"]

1. d4 Nf6 2. c4 g6 3. Nc3 Bg7 4. Nf3 O-O 5. e4 d6 6. Be2 Nbd7 7. O-O c5 8.
d5 Nb6 9. Qc2 h6 10. h3 Kh7 11. Bf4 Nfd7 12. Bd3 Nf6 13. e5 Nh5 14. Bh2
dxe5 15. Bxe5 Nd7 16. Bxg7 Nxg7 17. Rfe1 Nf6 18. Ne4 Nxe4 19. Bxe4 Bf5 20.
g4 Bxe4 21. Qxe4 f5 22. gxf5 Nxf5 23. Nh4 Rf7 24. Nxf5 gxf5 25. Qe6 Rg7+
26. Kh1 Qf8 27. Rg1 Rxg1+ 28. Rxg1 Qf6 29. Qxf6 exf6 30. Re1 Rb8 31. Re7+
Kg6 32. Rc7 a6 33. Rxc5 b5 34. cxb5 Rxb5 35. Rxb5 axb5 36. Kg2 Kf7 37. Kf3
Ke7 38. Ke3 Kd6 39. Kd4 f4 40. b3 f5 41. a4 h5 42. axb5 f3 43. b6 h4 44. b7
Kc7 45. Ke5 Kxb7 46. Ke6 Kc7 47. Ke7 Kb6 48. d6 Kc5 49. d7 Kd4 50. d8=Q+
Ke4 51. Kf6 f4 52. Qe7+ Kd3 53. b4 Kc4 54. Qe4+ Kb5 55. Qd5+ Kxb4 56. Ke5
Kc3 57. Qe4 Kb2 58. Qd3 Ka1 59. Qd2 Kb1 60. Kd4 Ka1 61. Kc3 Kb1 62. Qb2# {
Black checkmated } 1-0

[Event "ICC tourney 2298 (30 10)"]
[Site "Internet Chess Club"]
[Date "2021.01.10"]
[Round "4"]
[White "tidalwave09"]
[Black "PStricker"]
[Result "0-1"]
[ICCResult "White checkmated"]
[WhiteElo "1600"]
[BlackElo "1519"]
[Opening "QGD: exchange, positional line"]
[ECO "D35"]
[NIC "QO.16"]
[Time "17:01:43"]
[PlyCount "128"]
[TimeControl "1800+10"]

1. d4 d5 2. c4 e6 3. Nc3 Nf6 4. cxd5 exd5 5. Bg5 Nbd7 6. e3 c6 7. Bd3 Bb4
8. Nf3 O-O 9. O-O Re8 10. Rc1 h6 11. Bh4 b6 12. a3 Bd6 13. e4 Bf4 14. Rc2
dxe4 15. Nxe4 Bb7 16. Nxf6+ Nxf6 17. Re1 Rxe1+ 18. Qxe1 c5 19. Bxf6 Qxf6
20. dxc5 Bxf3 21. gxf3 Qg5+ 22. Kh1 Qh5 23. Qg1 Qxf3+ 24. Qg2 Qxd3 25.
Qxa8+ Kh7 26. Kg2 Qxc2 27. c6 Qe4+ 28. Kg1 Qg6+ 29. Kf1 Qd3+ 30. Kg2 Qd5+
31. Kf1 Qd1+ 32. Kg2 Qg4+ 33. Kf1 Qh3+ 34. Ke2 Qe6+ 35. Kf1 Qc4+ 36. Kg2
Qd5+ 37. Kf1 Qh1+ 38. Ke2 Bxh2 39. Qc8 Qe4+ 40. Kf1 Qd3+ 41. Kg2 Be5 42.
Qd7 Qxd7 43. cxd7 Bc7 44. Kf3 Kg6 45. Ke4 Kf6 46. Kd5 Ke7 47. Kc6 Bd8 48.
Kb7 a5 49. f4 Kxd7 50. f5 h5 51. b4 axb4 52. axb4 h4 53. b5 h3 54. f6 gxf6
55. Ka6 h2 56. Ka7 h1=Q 57. Kb8 Qh2+ 58. Ka7 Qa2+ 59. Kb8 Be7 60. Kb7 Qd5+
61. Ka7 Qxb5 62. Kb7 Qc6+ 63. Ka7 Kc7 64. Ka6 Qa4# { White checkmated } 0-1

[Event "ICC tourney 2298 (30 10)"]
[Site "Internet Chess Club"]
[Date "2021.01.10"]
[Round "4"]
[White "akshajp"]
[Black "mnm2"]
[Result "1/2-1/2"]
[ICCResult "Game drawn by repetition"]
[WhiteElo "1389"]
[BlackElo "1526"]
[Opening "Queen's pawn game"]
[ECO "A45"]
[NIC "QP.07"]
[Time "17:02:22"]
[PlyCount "129"]
[TimeControl "1800+10"]

1. d4 Nf6 2. Nc3 e6 3. Nf3 d5 4. e3 c5 5. Be2 Nc6 6. O-O Be7 7. dxc5 Bxc5
8. Nd4 O-O 9. Nxc6 bxc6 10. Bf3 e5 11. g3 Bh3 12. Bg2 Bxg2 13. Kxg2 e4 14.
Ne2 Nd7 15. Nd4 Ne5 16. b3 Bxd4 17. Qxd4 Nf3 18. Qc3 Re8 19. Bb2 Qg5 20.
Rh1 Re6 21. h4 Qg4 22. Rh3 Rg6 23. Rah1 Rf6 24. Rf1 Re8 25. a4 Ne5 26. Qd2
Qf3+ 27. Kg1 Qg4 28. Bxe5 Rxe5 29. Kh2 Ref5 30. Kg2 h5 31. c3 Rf3 32. c4
dxc4 33. bxc4 c5 34. a5 Qe6 35. Qc2 Rxe3 36. fxe3 Rxf1 37. Kxf1 Qxh3+ 38.
Qg2 Qxg2+ 39. Kxg2 Kf8 40. Kh3 f5 41. Kg2 Ke7 42. Kf2 Kd6 43. Ke2 Kc6 44.
Kd2 Kb7 45. Kc3 Ka6 46. Kb3 Kxa5 47. Ka3 a6 48. Kb3 Kb6 49. Ka4 a5 50. Ka3
Ka6 51. Ka4 Kb6 52. Kb3 g6 53. Ka4 Ka6 54. Ka3 Kb6 55. Kb3 Ka6 56. Ka4 Kb6
57. Kb3 Ka6 58. Ka4 Kb6 59. Kb3 Ka6 60. Ka4 Kb6 61. Kb3 Ka6 62. Ka4 Kb6 63.
Kb3 Ka6 64. Ka4 Kb6 65. Kb3 { Game drawn by repetition } 1/2-1/2

[Event "ICC tourney 2298 (30 10)"]
[Site "Internet Chess Club"]
[Date "2021.01.10"]
[Round "4"]
[White "vober6"]
[Black "GrandWizard"]
[Result "1-0"]
[ICCResult "Black forfeits on time"]
[WhiteElo "1876"]
[BlackElo "1806"]
[Opening "Caro-Kann: exchange, Rubinstein variation"]
[ECO "B13"]
[NIC "CK.02"]
[Time "17:01:35"]
[PlyCount "73"]
[TimeControl "1800+10"]

1. e4 c6 2. d4 d5 3. exd5 cxd5 4. Bd3 Nc6 5. c3 Nf6 6. Bf4 e6 7. Nf3 Bd6 8.
Bxd6 Qxd6 9. O-O O-O 10. Qe2 h6 11. Ne5 Nd7 12. f4 f5 13. Nd2 Ndxe5 14.
fxe5 Qd8 15. Rf3 Bd7 16. Rg3 Kh7 17. Rf1 g6 18. Nb3 b6 19. Rh3 Kg7 20. Rg3
Ne7 21. Nc1 g5 22. Qd2 Ng6 23. Ne2 Qe8 24. Rgf3 Bb5 25. b3 Bxd3 26. Qxd3
Nh4 27. R3f2 Ng6 28. c4 dxc4 29. bxc4 Rd8 30. Qc3 Qc6 31. d5 Qc8 32. Nd4
exd5 33. Nxf5+ Kh7 34. e6 d4 35. Qh3 Rxf5 36. Rxf5 Nf4 37. Rf7+ { Black
forfeits on time } 1-0

[Event "ICC tourney 2298 (30 10)"]
[Site "Internet Chess Club"]
[Date "2021.01.10"]
[Round "4"]
[White "jvinamra"]
[Black "atharvamchess"]
[Result "1/2-1/2"]
[ICCResult "Game drawn by mutual agreement"]
[WhiteElo "1292"]
[BlackElo "1476"]
[Opening "Queen's pawn, Mason variation"]
[ECO "D00"]
[NIC "QP.08"]
[Time "17:01:43"]
[PlyCount "156"]
[TimeControl "1800+10"]

1. d4 d5 2. Bf4 Nf6 3. e3 e6 4. Nf3 b6 5. Nbd2 Bb7 6. Bd3 Bd6 7. Bg3 Bxg3
8. hxg3 c5 9. c3 Nbd7 10. Qe2 Ne4 11. Ba6 Qc7 12. Bxb7 Qxb7 13. Nxe4 dxe4
14. Nd2 Nf6 15. Nc4 Qc7 16. Ne5 Rc8 17. Qb5+ Nd7 18. Rh4 g5 19. Rh5 f6 20.
Nxd7 Qxd7 21. Qxd7+ Kxd7 22. Ke2 Rcg8 23. Rah1 Rg7 24. f3 exf3+ 25. Kxf3
cxd4 26. exd4 f5 27. g4 Rf8 28. Rxh7 fxg4+ 29. Kg3 Rff7 30. Rxg7 Rxg7 31.
Rf1 Kd6 32. Kxg4 a6 33. c4 b5 34. b3 bxc4 35. bxc4 Rc7 36. c5+ Kd5 37. Rd1
a5 38. Rd2 Rg7 39. Kf3 Rf7+ 40. Ke3 Rg7 41. Rc2 Kc6 42. Ke4 Rd7 43. a4 Rb7
44. Ke5 Rb4 45. Rc3 Rxa4 46. Rb3 Ra1 47. Rb6+ Kd7 48. Rd6+ Kc7 49. Rxe6
Re1+ 50. Kd5 Rxe6 51. Kxe6 a4 52. d5 a3 53. d6+ Kd8 54. c6 a2 55. c7+ Kc8
56. Ke7 a1=Q 57. d7+ Kxc7 58. d8=Q+ Kc6 59. Qd6+ Kb5 60. Qd5+ Kb4 61. Qxg5
Qa7+ 62. Kf6 Qb6+ 63. Kf5 Qc5+ 64. Kg4 Qc8+ 65. Kh4 Qh8+ 66. Qh5 Qd8+ 67.
Kh3 Qd3+ 68. Qf3 Qh7+ 69. Kg3 Kc5 70. Kf4 Qf7+ 71. Ke4 Qc4+ 72. Ke3 Qd4+
73. Ke2 Qg7 74. Kf2 Kd6 75. Qg3+ Qe5 76. Qxe5+ Kxe5 77. Kf3 Kf5 78. g3 Kg5
{ Game drawn by mutual agreement } 1/2-1/2

[Event "ICC tourney 2298 (30 10)"]
[Site "Internet Chess Club"]
[Date "2021.01.10"]
[Round "4"]
[White "APBrain"]
[Black "Fischeresque930"]
[Result "1/2-1/2"]
[ICCResult "Game drawn because neither player has mating material"]
[WhiteElo "1639"]
[BlackElo "1776"]
[Opening "Caro-Kann: advance variation"]
[ECO "B12"]
[NIC "CK.04"]
[Time "17:01:39"]
[PlyCount "151"]
[TimeControl "1800+10"]

1. e4 c6 2. d4 d5 3. e5 Bf5 4. h4 h5 5. Bd3 Bxd3 6. Qxd3 e6 7. c3 Qb6 8.
Nf3 c5 9. O-O Nc6 10. Be3 Qxb2 11. Qd2 Qxd2 12. Nbxd2 c4 13. Rab1 Rb8 14.
Rb5 Nge7 15. Rfb1 b6 16. a4 Ra8 17. Ng5 Nf5 18. Ndf3 Be7 19. g3 O-O 20. Bf4
Rfb8 21. Nd2 Nfxd4 22. cxd4 Nxd4 23. R5b2 Ne2+ 24. Kf1 Nxf4 25. gxf4 c3 26.
Rc2 cxd2 27. Rxd2 Rc8 28. f5 Rc6 29. Rbb2 Rac8 30. a5 Bc5 31. axb6 Bxb6 32.
Ke2 Re8 33. fxe6 fxe6 34. Rbc2 Rec8 35. Rxc6 Rxc6 36. f4 g6 37. Kd3 Kf8 38.
Nh7+ Kf7 39. Ng5+ Ke7 40. Rd1 Rc4 41. Rf1 Bc5 42. Rb1 Bb4 43. Nf3 Rxf4 44.
Nd4 a5 45. Rc1 Kd7 46. Rc7+ Kxc7 47. Nxe6+ Kc6 48. Nxf4 Be1 49. Nxg6 Bg3
50. Kd4 Bf2+ 51. Kd3 Kc5 52. Nf4 Bg3 53. Ne6+ Kc6 54. Nd4+ Kb6 55. e6 Bxh4
56. Nf5 Bf6 57. e7 Bxe7 58. Nxe7 Kc5 59. Nf5 a4 60. Kc3 a3 61. Kb3 a2 62.
Kxa2 Kc4 63. Kb2 Kd3 64. Kc1 d4 65. Kd1 Kc4 66. Nxd4 Kxd4 67. Ke2 Ke4 68.
Kf2 Kf4 69. Kg2 Kg4 70. Kh2 h4 71. Kg2 h3+ 72. Kh2 Kh4 73. Kh1 Kg3 74. Kg1
h2+ 75. Kh1 Kf3 76. Kxh2 { Game drawn because neither player has mating
material } 1/2-1/2

[Event "ICC tourney 2298 (30 10)"]
[Site "Internet Chess Club"]
[Date "2021.01.10"]
[Round "5"]
[White "Kokosnuss1000"]
[Black "JoRDy2025"]
[Result "0-1"]
[ICCResult "White resigns"]
[WhiteElo "1600"]
[BlackElo "1420"]
[Opening "Four knights: double Ruy Lopez"]
[ECO "C49"]
[NIC "KP.03"]
[Time "19:02:05"]
[PlyCount "44"]
[TimeControl "1800+10"]

1. e4 e5 2. Nf3 Nc6 3. Nc3 Nf6 4. Bb5 Bb4 5. O-O d6 6. d4 exd4 7. Nxd4 Bd7
8. Nxc6 Bxc6 9. Bxc6+ bxc6 10. Bg5 O-O 11. f4 h6 12. Bh4 Re8 13. e5 dxe5
14. Ne4 Be7 15. Nxf6+ Bxf6 16. Bxf6 Qxf6 17. fxe5 Qxe5 18. Re1 Qxb2 19.
Rxe8+ Rxe8 20. Rb1 Qxa2 21. Rb7 Qa5 22. h3 Re1+ { White resigns } 0-1